 Dungeon Crawl Stone Soup version 0.27.1-33-g824d729ab1 (webtiles) character file.

Game seed: 6881265471763583192

63 zeram the Sneak (level 4, -1/29 HPs)
             Began as an Octopode Brigand on Dec 21, 2021.
             Slain by Grinder (6 damage)
             ... on level 3 of the Dungeon.
             The game lasted 00:03:20 (2038 turns).

zeram the Sneak (Octopode Brigand)                  Turns: 2038, Time: 00:03:20

Health: -1/29      AC:  1    Str: 10    XL:     4   Next: 9%
Magic:  4/4        EV: 13    Int: 14    God:
Gold:   67         SH:  0    Dex: 13    Spells: 3/3 levels left

rFire    . . .     SeeInvis .   k - +2 dagger (venom)
rCold    . . .     Faith    .   (no shield)
rNeg     . . .     Spirit   .   (helmet restricted)
rPois    .         Reflect  .   (no amulet)
rElec    .         Harm     .   l - ring of flight
rCorr    .         Rampage  .   (no ring)
Will     .....                  (no ring)
Stlth    ++++......             (no ring)
HPRegen  0.09/turn              (no ring)
MPRegen  0.09/turn              (no ring)
                                (no ring)
                                (no ring)

@: flying
A: almost no armour, amphibious, 8 rings, camouflage 1, gelatinous body 1,
(nimble swimmer 1), tentacles
a: no special abilities


You were on level 3 of the Dungeon.
You visited 1 branch of the dungeon, and saw 3 of its levels.

You collected 67 gold pieces.

Inventory:

Hand Weapons
 a - a +2 dagger
 k - a +2 dagger of venom (weapon)
Missiles
 b - 8 poisoned darts (quivered)
 c - 2 curare-tipped darts
Jewellery
 l - a ring of flight (left tentacle)
Scrolls
 e - a scroll of amnesia {unknown}
 f - a scroll of enchant weapon {unknown}
 h - a scroll of blinking {unknown}
 m - a scroll of identify
Potions
 d - a potion of resistance
 j - a potion of mutation {unknown}


   Skills:
 - Level 2.0 Fighting
 - Level 2.2 Short Blades
 - Level 2.0 Throwing
 + Level 1.2 Dodging
 + Level 7.2 Stealth


You had 3 spell levels left.
You didn't know any spells.
Your spell library contained the following spells:

 Spells                   Type           Power      Damage    Failure   Level
 Animate Skeleton         Necr           0%         N/A       28%         1
 Pain                     Necr           0%         1d4       28%         1
 Summon Small Mammal      Summ           0%         N/A       28%         1
 Call Canine Familiar     Summ           0%         N/A       65%         3
 Summon Guardian Golem    Hex/Summ       0%         N/A       65%         3
 Teleport Other           Tloc           0%         N/A       65%         3
 Tukima's Dance           Hex            0%         N/A       65%         3
 Vampiric Draining        Necr           0%         2d6       65%         3
 Passage of Golubria      Tloc           N/A        N/A       96%         4
 Summon Ice Beast         Ice/Summ       0%         N/A       96%         4
 Freezing Cloud           Conj/Ice/Air   0%         6-21      100%        5
 Summon Forest            Summ/Tloc      0%         N/A       100%        5
 Yara's Violent Unravell  Hex/Tmut       0%         3d3       100%        5


Dungeon Overview and Level Annotations

Branches:
Dungeon (3/15)

Altars:
Ashenzari

Shops:
D:1 ?   D:2 [*(:

Annotations:
D:3 Grinder


Innate Abilities, Weirdness & Mutations

You cannot wear most types of armour.
You are amphibious.
You can wear up to eight rings at the same time.
Your skin changes colour to match your surroundings (Stealth+).
Your rubbery body absorbs attacks. (AC +1, EV +1)
((You are camouflaged near water. (Stealth+)))
You have tentacles for arms and can constrict up to eight enemies at once.


Message History

A hobgoblin is nearby!
A hobgoblin is nearby!
A hobgoblin is nearby!
Found a stone staircase leading down.
The hobgoblin shouts!
You hit the hobgoblin but do no damage.
The hobgoblin is poisoned.
Your grab misses the hobgoblin. The hobgoblin hits you.
Grinder comes into view.
You barely miss the hobgoblin.
Grinder shouts!
Your grab misses the hobgoblin. The hobgoblin hits you.
You barely miss the hobgoblin. Your grab misses the hobgoblin.
The hobgoblin is lightly wounded.
The hobgoblin hits you.
You barely miss the hobgoblin. You grab the hobgoblin.
You squeeze the hobgoblin.
You kill the hobgoblin!
You hit Grinder.
Grinder is poisoned.
You grab Grinder.
Grinder is lightly wounded.
You constrict Grinder. Grinder gestures at you. Pain shoots through your body!
You barely miss Grinder.
Grinder is lightly wounded.
You constrict Grinder.
Grinder struggles to blink free from constriction.
You barely miss Grinder.
Grinder is lightly wounded.
You constrict Grinder. Grinder hits you!
* * * LOW HITPOINT WARNING * * *
You writhe in agony.
* * * LOW HITPOINT WARNING * * *
You are too injured to fight recklessly!
Unknown command.
You feel better.
You constrict Grinder. Grinder hits you!
* * * LOW HITPOINT WARNING * * *
It was a potion of magic.
Magic courses through your body.
You constrict Grinder, but do no damage.
Grinder hits you.
You die...

......#
#.######.##
#.#.#.##
#.# #.#
#....#
#.######.#
# #.
#...(....#
#..#######
#..# #..#
#..# #.@#
#.†5......
##.#######
... #># #.#
... ###


You could see Grinder (very poisoned).

Vanquished Creatures
  2 worms (D:2)
  3 dart slugs
  4 ball pythons (D:2)
  6 endoplasms
  3 giant cockroaches
  6 hobgoblins
  7 jackals (D:1)
  5 kobolds
  2 bats (D:2)
  3 frilled lizards
  A goblin (D:3)
  4 rats
46 creatures vanquished.

Notes
Turn   | Place    | Note
-------+----------+-------------------------------------------
     0 | D:1      | zeram the Octopode Brigand began the quest for the Orb.
     0 | D:1      | Reached XP level 1. HP: 14/14 MP: 1/1
   291 | D:1      | Reached XP level 2. HP: 18/19 MP: 2/2
   302 | D:1      | Reached skill level 6 in Stealth
   636 | D:1      | Found Nimnyjoa's Magic Scroll Shop.
   884 | D:1      | Reached XP level 3. HP: 24/24 MP: 3/3
   999 | D:1      | Got Sif Muna's Collected Works on the Freezing Traveller
  1187 | D:1      | Found a faded altar of an unknown god.
  1356 | D:2      | Found Ititohyt's General Store.
  1362 | D:2      | Found Tedahousch's Antique Armour Shop.
  1451 | D:2      | Found Qaisua's Antique Weapon Shop.
  1499 | D:2      | Reached skill level 7 in Stealth
  1608 | D:2      | Found Qooss's Book Shop.
  1717 | D:2      | Reached XP level 4. HP: 29/29 MP: 4/4
  1802 | D:3      | Found a broken altar of Ashenzari.
  2030 | D:3      | Noticed Grinder
  2038 | D:3      | Slain by Grinder

Illustrated notes

Levels and vault maps discovered:
D:1:      wander_arrival_abandoned_jail, layout_basic,
          shapermc_ecumenical_altar_hornbeckon, serial_shops,
          nicolae_diamond_shop
D:2:      minmay_skewed_foursquare, layout_rooms, serial_shops,
          nicolae_shop_crystal, nicolae_shop_crystal, nicolae_shop_waterfront,
          shop
D:3:      cheibrodos_greedy_goblins, layout_loops_ring,
          nicolae_ashenzari_skybound, hangedman_glass_teeth,
          minmay_misc_feat_diagonals, uniq_grinder

Skill      XL: |  1  2  3 |
---------------+----------+-----
Stealth        | 6 7 |  7.2
Fighting       | |  2.0
Short Blades   | |  2.2
Throwing       | |  2.0
Dodging        | |  1.2

Action                   |  1- 3 |  4- 6 || total
-------------------------+-------+-------++-------
Melee: Dagger            |    77 |    13 ||    90
       Constrict         |    12 |     4 ||    16
       Tentacles         |     8 |     2 ||    10
  Use: Scroll            |     2 |       ||     2
       Potion            |       |     2 ||     2
 Stab: Sleeping          |    21 |       ||    21
Armor: Skin              |     2 |       ||     2
Dodge: Dodged            |    30 |     2 ||    32
